APP
OAKLAND (APP) ATHLETICS @ TEXAS (APP) RANGERS
10/17/2047
 
TOP OF THE 1ST
Seattle (APP) Mariners batting - Pitching for Orem Owlz : RHP Kap-yong Cho
Pitching: RHP Kap-yong Cho
Batting: LHB Humberto Herrada 0-0: Called Strike
0-1: Called Strike
0-2: Ball
1-2: Fly out, F8 (Flyball, 8RXD, EV 87.5 MPH)
Batting: RHB Corey Davis 0-0: Called Strike
0-1: Ball
1-1: Ball
2-1: Ground out 6-3 (Groundball, 6, EV 102.5 MPH)
Batting: RHB J.J. Phillips 0-0: Ball
1-0: Ball
2-0: Fly out, F8 (Flyball, 8RD, EV 88.1 MPH)
Top of the 1st over - 0 runs, 0 hits, 0 errors, 0 left on base; Seattle (APP) 0 - Orem 0
BOTTOM OF THE 1ST
Orem Owlz batting - Pitching for Seattle (APP) Mariners : LHP Kelly Cathcart
Pitching: LHP Kelly Cathcart
Batting: RHB Carlos Martinez 0-0: Ball
1-0: Swinging Strike
1-1: Ground out 6-3 (Groundball, 6, EV 83.1 MPH)
Batting: SHB Jesse Snyder 0-0: SINGLE (Groundball, 6M, EV 98.8 MPH) (infield hit)
Batting: SHB Greg Prime 0-0: Ball
1-0: 2-RUN HOME RUN (Flyball, 7D, EV 98.1 MPH), Distance : 371 ft
Batting: LHB Matt Acevedo 0-0: Called Strike
0-1: Ball
1-1: SINGLE (Groundball, 34D, EV 99.4 MPH)
Batting: RHB Valentyn Inverno 0-0: Ball
1-0: Fielders Choice at 2nd, 1-6 (Groundball, 13S, EV 65.0 MPH)
Batting: LHB Mike Martinez 0-0: Ball
1-0: Ball
2-0: Ball
3-0: Called Strike
3-1: Fly out, F8 (Flyball, 78M, EV 96.3 MPH)
Bottom of the 1st over - 2 runs, 3 hits, 0 errors, 1 left on base; Seattle (APP) 0 - Orem 2
TOP OF THE 2ND
Seattle (APP) Mariners batting - Pitching for Orem Owlz : RHP Kap-yong Cho
Batting: RHB Manny Santos 0-0: Called Strike
0-1: Swinging Strike
0-2: Ball
1-2: Ball
2-2: Foul Ball, location: 2F
2-2: Ground out 6-3 (Groundball, 6, EV 80.6 MPH)
Batting: LHB Devonte Williams 0-0: Called Strike
0-1: Foul Ball, location: 2F
0-2: Ball
1-2: Ground out 4-3 (Groundball, 4, EV 88.1 MPH)
Batting: RHB Evan Bohringer 0-0: Ball
1-0: Ball
2-0: Ball
3-0: Called Strike
3-1: Base on Balls
Batting: RHB David Knox 0-0: Foul Ball, location: 2F
0-1: Foul Ball, location: 2F
0-2: Foul Ball, location: 2F
0-2: Strikes out looking
Top of the 2nd over - 0 runs, 0 hits, 0 errors, 1 left on base; Seattle (APP) 0 - Orem 2
BOTTOM OF THE 2ND
Orem Owlz batting - Pitching for Seattle (APP) Mariners : LHP Kelly Cathcart
Batting: RHB Matt Trevizo 0-0: Ball
1-0: Ball
2-0: Called Strike
2-1: Called Strike
2-2: Strikes out looking
Batting: RHB Eric Moore 0-0: Swinging Strike
0-1: Ball
1-1: Called Strike
1-2: Ball
2-2: Ball
3-2: Ground out 6-3 (Groundball, 6, EV 87.5 MPH)
Batting: RHB Jeremy Allen 0-0: Ball
1-0: Called Strike
1-1: Foul Ball, location: 2F
1-2: Strikes out swinging
Bottom of the 2nd over - 0 runs, 0 hits, 0 errors, 0 left on base; Seattle (APP) 0 - Orem 2
TOP OF THE 3RD
Seattle (APP) Mariners batting - Pitching for Orem Owlz : RHP Kap-yong Cho
Batting: RHB Gary Paradis 0-0: Ball
1-0: Called Strike
1-1: Foul Ball, location: 2F
1-2: Strikes out swinging
Batting: LHB Jeremy Kreig 0-0: Called Strike
0-1: Foul Ball, location: 2F
0-2: Ball
1-2: SINGLE (Groundball, 34D, EV 108.1 MPH)
Batting: LHB Humberto Herrada 0-0: Fly out, F8 (Flyball, 8LXD, EV 79.4 MPH)
Batting: RHB Corey Davis 0-0: Ball
1-0: Ball
2-0: Foul Ball, location: 2F
2-1: Called Strike
2-2: Ball
3-2: Base on Balls
Jeremy Kreig to second
Batting: RHB J.J. Phillips 0-0: Ball
1-0: Swinging Strike
1-1: Ball
2-1: Called Strike
2-2: Fielders Choice at 2nd, 5-4 (Groundball, 56, EV 81.3 MPH)
Top of the 3rd over - 0 runs, 1 hit, 0 errors, 2 left on base; Seattle (APP) 0 - Orem 2
BOTTOM OF THE 3RD
Orem Owlz batting - Pitching for Seattle (APP) Mariners : LHP Kelly Cathcart
Batting: RHB Carlos Martinez 0-0: Called Strike
0-1: Called Strike
0-2: Ball
1-2: Ground out 1-3 (Groundball, 13, EV 76.9 MPH)
Batting: SHB Jesse Snyder 0-0: Reached on error, E6 (Groundball, 6, EV 80.0 MPH)
Batting: SHB Greg Prime 0-0: Swinging Strike
0-1: Ball
1-1: Called Strike
Jesse Snyder steals 3rd base
1-2: Fly out, F9 (Flyball, 9LM, EV 91.3 MPH)
Runner from 3rd tags up, OUT at HOME! 9-2
Bottom of the 3rd over - 0 runs, 0 hits, 1 error, 0 left on base; Seattle (APP) 0 - Orem 2
TOP OF THE 4TH
Seattle (APP) Mariners batting - Pitching for Orem Owlz : RHP Kap-yong Cho
Batting: RHB Manny Santos 0-0: Swinging Strike
0-1: Called Strike
0-2: Ball
1-2: Ball
2-2: Strikes out swinging
Batting: LHB Devonte Williams 0-0: Ball
Rain delay of 67 minutes in the 4th inning.
1-0: Foul Ball, location: 2F
1-1: Ball
2-1: SOLO HOME RUN (Flyball, 9D, EV 90.0 MPH), Distance : 365 ft
Batting: RHB Evan Bohringer 0-0: Called Strike
0-1: Ball
1-1: Swinging Strike
1-2: Strikes out looking
Batting: RHB David Knox 0-0: Called Strike
0-1: Called Strike
0-2: Ground out 6-3 (Groundball, 6, EV 112.5 MPH)
Top of the 4th over - 1 run, 1 hit, 0 errors, 0 left on base; Seattle (APP) 1 - Orem 2
BOTTOM OF THE 4TH
Orem Owlz batting - Pitching for Seattle (APP) Mariners : LHP Kelly Cathcart
Batting: LHB Matt Acevedo 0-0: Called Strike
0-1: Hit by Pitch
Batting: RHB Valentyn Inverno 0-0: Called Strike
0-1: SINGLE (Groundball, 34S, EV 85.6 MPH) (infield hit)
Matt Acevedo to second
Batting: LHB Mike Martinez 0-0: Called Strike
0-1: Ball
1-1: SINGLE (Groundball, 4MD, EV 103.1 MPH)
Matt Acevedo to third
Valentyn Inverno to second
Batting: RHB Matt Trevizo 0-0: Ball
1-0: Called Strike
1-1: Ball
2-1: Foul Ball, location: 2F
2-2: Ball
3-2: Base on Balls
Matt Acevedo scores
Valentyn Inverno to third
Mike Martinez to second
Pitching: RHP Oscar Godinez
Batting: RHB Eric Moore 0-0: Called Strike
0-1: Swinging Strike
0-2: Strikes out swinging
Batting: RHB Jeremy Allen 0-0: Foul Ball, location: 2F
0-1: Foul Ball, location: 2F
0-2: Ball
1-2: Ball
2-2: SINGLE (Groundball, 13S, EV 72.5 MPH) (infield hit)
Valentyn Inverno scores
Mike Martinez to third
Matt Trevizo to second
Batting: RHB Carlos Martinez 0-0: Called Strike
0-1: SINGLE (Line Drive, 34D, EV 107.5 MPH)
Mike Martinez scores
Matt Trevizo to third
Jeremy Allen to second
Runner from 3rd tries for Home, SAFE, throw by RF to home
Jeremy Allen to third
Carlos Martinez to second
Batting: SHB Jesse Snyder 0-0: Foul Ball, location: 2F
0-1: SINGLE (Line Drive, 8RS, EV 98.1 MPH)
Jeremy Allen scores
Carlos Martinez to third
Runner from 3rd tries for Home, throw by CF and OUT! 8-2
Batting: SHB Greg Prime 0-0: Ball
1-0: Fly out, F9 (Flyball, 9LS, EV 83.8 MPH)
Bottom of the 4th over - 5 runs, 5 hits, 0 errors, 1 left on base; Seattle (APP) 1 - Orem 7
TOP OF THE 5TH
Seattle (APP) Mariners batting - Pitching for Orem Owlz : RHP Kap-yong Cho
Batting: RHB Gary Paradis 0-0: Ball
1-0: Called Strike
1-1: Ball
2-1: SINGLE (Groundball, 56D, EV 104.4 MPH)
Batting: LHB Jeremy Kreig 0-0: Ball
1-0: Swinging Strike
1-1: Fielders Choice at 2nd, 5-4 (Groundball, 56, EV 82.5 MPH)
Batting: LHB Humberto Herrada 0-0: Foul Ball, location: 2F
0-1: Called Strike
0-2: Ball
1-2: Foul Ball, location: 2F
1-2: Foul Ball, location: 2F
1-2: 2-RUN HOME RUN (Flyball, 89XD, EV 100.0 MPH), Distance : 430 ft
Batting: RHB Corey Davis 0-0: SINGLE (Groundball, 56D, EV 99.4 MPH)
Pitching: RHP Eric Kennedy
Batting: RHB J.J. Phillips 0-0: Fielders Choice at 2nd, 4-6 (Groundball, 4, EV 93.8 MPH)
Batting: RHB Manny Santos 0-0: Called Strike
0-1: Ball
1-1: Foul Ball, location: 2F
1-2: Ball
2-2: Strikes out swinging
Top of the 5th over - 2 runs, 3 hits, 0 errors, 1 left on base; Seattle (APP) 3 - Orem 7
BOTTOM OF THE 5TH
Orem Owlz batting - Pitching for Seattle (APP) Mariners : RHP Oscar Godinez
Batting: LHB Matt Acevedo 0-0: Foul Ball, location: 2F
0-1: Ball
1-1: Ground out 1-3 (Groundball, 34S, EV 70.6 MPH)
Batting: RHB Valentyn Inverno 0-0: Called Strike
0-1: Called Strike
0-2: Ball
1-2: Ball
2-2: Ground out 1-3 (Groundball, 13, EV 85.6 MPH)
Batting: LHB Mike Martinez 0-0: Ball
1-0: Fly out, F8 (Flyball, 89D, EV 86.9 MPH)
Bottom of the 5th over - 0 runs, 0 hits, 0 errors, 0 left on base; Seattle (APP) 3 - Orem 7
TOP OF THE 6TH
Seattle (APP) Mariners batting - Pitching for Orem Owlz : RHP Eric Kennedy
Batting: LHB Devonte Williams 0-0: Called Strike
0-1: Ground out 1-3 (Groundball, 34S, EV 83.1 MPH)
Batting: RHB Evan Bohringer 0-0: Ground out 4-3 (Groundball, 4S, EV 84.4 MPH)
Batting: RHB David Knox 0-0: Ball
1-0: Swinging Strike
1-1: Ball
2-1: Ball
3-1: Base on Balls
Batting: RHB Gary Paradis 0-0: Ball
1-0: Ball
2-0: Ball
3-0: Called Strike
3-1: Foul Ball, location: 2F
3-2: Base on Balls
David Knox to second
Batting: LHB Jeremy Kreig 0-0: Called Strike
0-1: Ball
1-1: Foul Ball, location: 2F
1-2: Ball
2-2: SINGLE (Line Drive, 78M, EV 100.6 MPH)
David Knox to third
Gary Paradis to second
Batting: LHB Humberto Herrada 0-0: Ball
1-0: Swinging Strike
1-1: Called Strike
1-2: Strikes out swinging
Top of the 6th over - 0 runs, 1 hit, 0 errors, 3 left on base; Seattle (APP) 3 - Orem 7
BOTTOM OF THE 6TH
Orem Owlz batting - Pitching for Seattle (APP) Mariners : RHP Oscar Godinez
Batting: RHB Matt Trevizo 0-0: Fly out, F9 (Flyball, 9LM, EV 74.4 MPH)
Batting: RHB Eric Moore 0-0: Ball
1-0: Called Strike
1-1: Called Strike
1-2: Foul Ball, location: 2F
1-2: TRIPLE (Groundball, 3L, EV 103.8 MPH)
Batting: RHB Jeremy Allen 0-0: Called Strike
0-1: Swinging Strike
0-2: Ball
1-2: Strikes out swinging
Batting: RHB Carlos Martinez 0-0: Ball
1-0: Ball
2-0: Ball
3-0: Called Strike
3-1: TRIPLE (Groundball, 3L, EV 107.5 MPH)
Eric Moore scores
Batting: SHB Jesse Snyder 0-0: Swinging Strike
0-1: Ground out 2-3 (Groundball, 13S, EV 70.0 MPH)
Bottom of the 6th over - 1 run, 2 hits, 0 errors, 1 left on base; Seattle (APP) 3 - Orem 8
TOP OF THE 7TH
Seattle (APP) Mariners batting - Pitching for Orem Owlz : RHP Eric Kennedy
Batting: RHB Corey Davis 0-0: Called Strike
0-1: Ball
1-1: Foul Ball, location: 2F
1-2: Ball
2-2: Ball
3-2: Base on Balls
Batting: RHB J.J. Phillips 0-0: Called Strike
0-1: Foul Ball, location: 2F
0-2: Foul Ball, location: 2F
0-2: Ball
1-2: SINGLE (Line Drive, 4MD, EV 96.9 MPH)
Corey Davis to second
Pitching: RHP Bill Weber
Batting: RHB Manny Santos 0-0: Swinging Strike
0-1: Ball
Wild Pitch!
Corey Davis to third
J.J. Phillips to second
1-1: Ball
2-1: Foul Ball, location: 2F
2-2: Foul Ball, location: 2F
2-2: Strikes out looking
Batting: LHB Devonte Williams 0-0: Foul Ball, location: 2F
0-1: Ball
1-1: Called Strike
1-2: Ground out U3 (Groundball, 3, EV 101.3 MPH)
Batting: RHB Evan Bohringer 0-0: Ball
1-0: Swinging Strike
1-1: Foul Ball, location: 2F
1-2: Foul Ball, location: 2F
1-2: Ball
2-2: DOUBLE (Line Drive, 9LM, EV 92.5 MPH)
Corey Davis scores
J.J. Phillips scores
Batting: RHB David Knox 0-0: Ball
1-0: Ball
2-0: Ball
3-0: Called Strike
3-1: Fly out, F8 (Flyball, 78D, EV 87.5 MPH)
Top of the 7th over - 2 runs, 2 hits, 0 errors, 1 left on base; Seattle (APP) 5 - Orem 8
BOTTOM OF THE 7TH
Orem Owlz batting - Pitching for Seattle (APP) Mariners : RHP Oscar Godinez
Pitching: LHP Wang Jing
Batting: SHB Greg Prime 0-0: Foul Ball, location: 2F
0-1: Fly out, F6 (Popup, 6M, EV 71.9 MPH)
Batting: LHB Matt Acevedo 0-0: Ball
1-0: Called Strike
1-1: Ball
2-1: Ground out U3 (Groundball, 3, EV 83.8 MPH)
Batting: RHB Valentyn Inverno 0-0: Called Strike
0-1: SINGLE (Flyball, 8LS, EV 100.6 MPH)
Batting: LHB Mike Martinez 0-0: Called Strike
0-1: Ball
1-1: Foul Ball, location: 2F
1-2: Ground out 4-3 (Groundball, 34, EV 107.5 MPH)
Bottom of the 7th over - 0 runs, 1 hit, 0 errors, 1 left on base; Seattle (APP) 5 - Orem 8
TOP OF THE 8TH
Seattle (APP) Mariners batting - Pitching for Orem Owlz : RHP Bill Weber
Batting: RHB Gary Paradis 0-0: Called Strike
0-1: Ground out 6-3 (Groundball, 6M, EV 84.4 MPH)
Batting: LHB Jeremy Kreig 0-0: Ball
1-0: Ground out 5-3 (Groundball, 56, EV 110.0 MPH)
Batting: LHB Humberto Herrada 0-0: Ball
Rain delay of 54 minutes in the 8th inning.
1-0: Foul Ball, location: 2F
1-1: Swinging Strike
1-2: Ball
2-2: SINGLE (Line Drive, 9LS, EV 92.5 MPH)
Batting: RHB Corey Davis 0-0: Called Strike
0-1: Foul Ball, location: 2F
0-2: Strikes out swinging
Top of the 8th over - 0 runs, 1 hit, 0 errors, 1 left on base; Seattle (APP) 5 - Orem 8
BOTTOM OF THE 8TH
Orem Owlz batting - Pitching for Seattle (APP) Mariners : LHP Wang Jing
Pitching: RHP Marco Castillo
Batting: RHB Matt Trevizo 0-0: Ball
1-0: DOUBLE (Line Drive, 89D, EV 102.5 MPH)
Batting: RHB Eric Moore 0-0: Foul Ball, location: 2F
0-1: Called Strike
0-2: Ball
1-2: Strikes out swinging
Batting: RHB Jeremy Allen 0-0: Ball
1-0: Ball
2-0: Ball
3-0: Base on Balls
Pitching: LHP Dustin Hallam
Batting: RHB Carlos Martinez 0-0: Called Strike
0-1: Swinging Strike
0-2: Strikes out swinging
Batting: SHB Jesse Snyder 0-0: Called Strike
0-1: Foul Ball, location: 2F
0-2: Ball
1-2: Ball
2-2: Ball
3-2: Strikes out looking
Bottom of the 8th over - 0 runs, 1 hit, 0 errors, 2 left on base; Seattle (APP) 5 - Orem 8
TOP OF THE 9TH
Seattle (APP) Mariners batting - Pitching for Orem Owlz : RHP Bill Weber
Pitching: RHP Dida Obadele
Batting: RHB J.J. Phillips 0-0: Called Strike
0-1: Swinging Strike
0-2: Ball
1-2: Foul Ball, location: 2F
1-2: Ball
2-2: Ball
3-2: Strikes out looking
Batting: RHB Manny Santos 0-0: Foul Ball, location: 2F
0-1: Called Strike
0-2: SINGLE (Groundball, 6D, EV 102.5 MPH)
Batting: LHB Devonte Williams 0-0: Foul Ball, location: 2F
0-1: Fielders Choice at 2nd, 5-4 (Groundball, 56S, EV 83.1 MPH)
Batting: RHB Evan Bohringer 0-0: Called Strike
0-1: Ball
1-1: Ball
2-1: Foul Ball, location: 2F
2-2: Fielders Choice at 2nd, 5-4 (Groundball, 56, EV 105.6 MPH)
Top of the 9th over - 0 runs, 1 hit, 0 errors, 1 left on base; Seattle (APP) 5 - Orem 8
Thursday, December 15th , 2022 - OOTP Baseball 23.9 Build 102